Map: Traitor's Exile

Players

MechaCaulk

  • Race: Zerg Zerg
  • League: Platinum
  • Spawn Location: 9:00

oBird

  • Race: Zerg Zerg
  • League: Diamond
  • Spawn Location: 12:00

Mqt

  • Race: Protoss Protoss
  • League: Platinum
  • Spawn Location: 5:00

SharkyIzrod

  • Race: Protoss Protoss
  • Spawn Location: 6:00

VOD

Have the link to the VOD?

Description

Time

  • Played on: April 11, 2019, 6:29 a.m.
  • Length: 7:42
Show
View Real Time Build Order
Export as new Build Order

MechaCaulk Zerg 

Build Orders: Pool First 

Get SALT Encoding   

  12  0:03  Drone  
  13  0:18  Drone  
  14  0:21  Overlord  
  14  0:39  Drone  
  14  0:40  Drone  
  17  0:42  Drone  
  17  0:55  Spawning Pool  
  16  1:10  Drone  
  16  1:11  Drone  
  18  1:16  Extractor  
  18  1:17  Drone  
  18  1:34  Hatchery  
  17  1:43  Zergling x2  
  17  1:45  Zergling x4  
  20  1:55  Queen  
  22  2:18  Overlord  
  22  2:40  Zergling x6  
  25  2:50  Roach Warren  
  24  2:52  Drone  
  24  3:03  Zergling x2  
  25  3:14  Drone  
  25  3:18  Drone x3  
  29  3:32  Spore Crawler  
  29  3:33  Drone x2  
  30  3:35  Drone  
  31  3:47  Metabolic Boost  
  32  3:48  Drone x2  
  32  3:52  Overlord  
  33  3:57  Hatchery  
  33  4:01  Drone x3  
  35  4:11  Queen  
  35  4:12  Queen  
  35  4:14  Drone x3  
  42  4:28  Extractor  
  38  4:57  Zergling x6  
  38  4:58  Zergling x10  
  26  5:15  Zergling x6  
  26  5:19  Zergling x6  
  26  5:27  Zergling x4  
  25  5:35  Zergling x4  
  21  5:45  Zergling x6  
  22  5:50  Zergling x2  
  22  5:59  Zergling x10  
  26  6:07  Zergling x4  
  26  6:15  Zergling x2  
  18  6:43  Zergling x8  
  18  6:44  Zergling x4  
Show
View Real Time Build Order
Export as new Build Order

oBird Zerg 

Build Orders: Hatch First 

Get SALT Encoding   

  12  0:03  Drone  
  13  0:13  Overlord  
  13  0:19  Drone  
  14  0:32  Drone x2  
  16  1:00  Hatchery  
  16  1:03  Drone  
  16  1:13  Spawning Pool, Extractor  
  16  1:14  Drone  
  15  1:19  Drone  
  15  1:25  Drone  
  17  1:28  Drone  
  18  1:37  Drone  
  19  1:47  Drone  
  20  2:01  Overlord  
  20  2:13  Drone x2  
  20  2:14  Roach Warren  
  21  2:16  Queen  
  21  2:19  Queen  
  26  2:22  Drone  
  26  2:29  Drone  
  27  2:36  Drone x2  
  29  2:45  Drone x2  
  31  2:55  Lair  
  31  2:58  Drone x2  
  31  3:01  Extractor  
  31  3:03  Drone  
  33  3:06  Drone  
  34  3:13  Overlord  
  34  3:17  Drone  
  35  3:30  Overlord  
  35  3:32  Drone  
  35  3:33  Drone x6  
  42  3:43  Overlord  
  42  3:50  Drone  
  42  3:53  Extractor  
  42  3:54  Glial Reconstitution  
  42  3:55  Overlord  
  42  3:59  Drone x3  
  42  4:00  Drone  
  46  4:04  Roach x3  
  46  4:09  Drone  
  53  4:13  Roach, Evolution Chamber  
  54  4:22  Drone  
  55  4:31  Hatchery  
  55  4:32  Overlord  
  55  4:33  Ravager  
  55  4:34  Ravager x2  
  55  4:38  Queen  
  57  4:42  Roach x4  
  67  4:51  Zerg Missile Weapons Level 1  
  67  5:07  Roach  
  67  5:08  Roach x3  
  67  5:13  Roach  
  75  5:15  Overlord x2  
  75  5:22  Overlord x2  
  73  5:33  Roach  
  73  5:34  Roach x3  
  74  5:38  Roach  
  76  5:45  Ravager x3  
  76  5:47  Roach  
  76  5:49  Zergling x2  
  82  5:54  Extractor  
  82  5:55  Roach x2  
  83  6:06  Roach x4  
  93  6:11  Roach  
  93  6:18  Extractor, Overlord  
  93  6:20  Roach x3  
  93  6:21  Roach  
  93  6:23  Drone  
  101  6:29  Drone x2  
  82  6:41  Roach x3  
  82  6:42  Roach x5  
  95  6:49  Roach x2  
  99  6:54  Drone x2  
  99  6:56  Roach x3  
  107  7:13  Roach x3  
Show
View Real Time Build Order
Export as new Build Order

Mqt Protoss 

Build Orders:  

Get SALT Encoding   

  12  0:01  Probe  
  13  0:13  Probe  
  14  0:28  Pylon  
  14  0:30  Probe  
  15  0:42  Probe  
  15  0:49  Gateway  
  16  0:57  Pylon  
  16  1:00  Probe  
  16  1:08  Probe  
  18  1:18  Probe  
  18  1:23  Assimilator  
  19  1:30  Probe  
  19  1:31  Gateway  
  20  1:47  Probe, Cybernetics Core  
  20  1:53  Assimilator  
  21  2:13  Gateway  
  21  2:16  Probe  
  22  2:28  Probe, Robotics Facility  
  23  2:36  Warp Gate  
  23  2:40  Probe  
  23  2:42  Stalker  
  26  3:00  Gateway  
  26  3:01  Gateway  
  26  3:04  Gateway  
  26  3:18  Warp Prism  
  28  3:38  Stalker  
  28  3:40  Probe  
  31  3:52  Pylon  
  31  3:53  Pylon  
  31  3:55  Pylon  
  31  4:23  Observer  
  32  4:43  Stalker  
  32  4:44  Stalker x5  
  40  5:35  Warp Prism  
  40  5:42  Probe  
  39  6:40  Stalker x6  
  51  6:49  Twilight Council  
  49  7:19  Stalker x3  
  55  7:30  Pylon  
  55  7:32  Pylon x2  
  55  7:34  Pylon  
  51  7:38  Pylon  
Show
View Real Time Build Order
Export as new Build Order

SharkyIzrod Protoss 

Build Orders:  

Get SALT Encoding   

  12  0:00  Probe  
  13  0:13  Probe  
  14  0:18  Pylon  
  14  0:25  Probe  
  15  0:38  Gateway  
  15  0:43  Assimilator  
  15  0:46  Probe  
  16  0:54  Probe  
  16  1:02  Probe  
  18  1:12  Gateway  
  18  1:22  Assimilator  
  18  1:25  Cybernetics Core  
  18  1:34  Pylon  
  18  1:45  Pylon  
  18  1:53  Stalker  
  18  1:54  Warp Gate  
  18  1:58  Probe  
  21  2:10  Probe  
  22  2:22  Probe, Robotics Facility  
  23  2:33  Adept  
  23  2:34  Probe  
  26  2:48  Probe  
  27  2:56  Sentry  
  27  2:58  Gateway  
  27  3:00  Probe  
  28  3:07  Shield Battery  
  28  3:18  Warp Prism  
  30  3:46  Pylon  
  30  3:48  Pylon  
  30  3:50  Pylon  
  30  3:55  Gateway  
  30  4:00  Gateway  
  30  4:05  Sentry  
  30  4:07  Sentry  
  34  4:10  Sentry  
  37  4:17  Observer  
  37  4:44  Stalker x3  
  43  5:01  Adept  
  43  5:02  Stalker  
  47  5:11  Stalker x3  
  53  5:33  Stalker  
  55  5:41  Pylon  
  55  5:43  Pylon  
  55  5:45  Pylon  
  55  6:08  Stalker x2  
  59  6:18  Stalker x3  
  55  6:40  Stalker  
  55  6:41  Stalker x2  
  55  6:44  Sentry  
  63  6:56  Stalker  
  65  7:16  Stalker x2  
  53  7:32  Stalker x2  
Tags
 
Add a new tag
Caveats
  • Supply blocks, unpowered buildings, or Contaminate may cause inaccurate times.
  • Supply counts are checked every 10 seconds.